 Dungeon Sprint DCSS version 0.31-a0-18-gea43df2a32 (webtiles) character file.

Game seed: 11231515949225395086

721 sircluck the Unseen (level 8, 0/51 HPs)
             Began as a Kobold Brigand on May 9, 2023.
             Was a Priest of Dithmenos.
             Slain by a warg (16 damage)
             ... in the Dungeon (Sprint VII: "The Pits").
             The game lasted 00:01:58 (274 turns).

sircluck the Unseen (Kobold Brigand)                 Turns: 274, Time: 00:01:59

Health: 0/51       AC:  3    Str:  8    XL:     8   Next: 2%
Magic:  8/8        EV: 16    Int: 12    God:    Dithmenos [***...]
Gold:   0          SH:  0    Dex: 19    Spells: 7/7 levels left

rFire   . . .        a - +2 dagger
rCold   . . .        (no shield)
rNeg    . . .        b - +0 robe
rPois   .            (no helmet)
rElec   .            c - +0 cloak
rCorr   .            (no gloves)
SInv    .            (no boots)
Will    .....        (no amulet) Stlth **++++++++
                     (no ring)
HPRegen 0.28/turn    (no ring)
MPRegen 0.11/turn

%: no teleportation
@: on berserk cooldown, wreathed by umbra
A: small, no large weapons, nightstalker 3
a: Renounce Religion, Shadow Step


You were in the Dungeon.
You worshipped Dithmenos.
Dithmenos was most pleased with you.
You visited 1 branch

Inventory:

Hand Weapons
 a - a +2 dagger (weapon)
Missiles
 d - 9 poisoned darts (quivered)
 e - 3 curare-tipped darts
 o - 12 stones
Armour
 b - a +0 robe (worn)
 c - a +0 cloak (worn)
 p - a +3 ring mail
Scrolls
 m - 5 scrolls of amnesia
 n - a scroll of summoning
Potions
 f - 6 potions of curing
 g - 3 potions of heal wounds
 h - a potion of haste
 i - 4 potions of magic
 j - 2 potions of berserk rage
 l - 2 potions of invisibility


   Skills:
 + Level 5.8 Fighting
 + Level 8.0 Short Blades
 + Level 5.1 Throwing
 + Level 3.1 Dodging
 + Level 19.2 Stealth


You had 7 spell levels left.
You didn't know any spells.
Your spell library was empty.

Dungeon Overview and Level Annotations

Branches:
Dungeon (1/1)

Altars:
Ashenzari
Cheibriados
Dithmenos
Elyvilon
Fedhas
Gozag
Hepliaklqana
Kikubaaqudgha
Makhleb
Nemelex Xobeh
Okawaru
Qazlal
Ru
Sif Muna
Trog
Uskayaw
Vehumet
Wu Jian
Xom
Yredelemnul
Zin
The Shining One
Jiyva
Lugonu


Innate Abilities, Weirdness & Mutations

You are small and have problems with some larger weapons.
You are completely attuned to the shadows.


Message History

The warg is heavily wounded.
The warg misses you.
You closely miss the warg.
The warg is heavily wounded.
The warg bites you. x2
You hit the warg but do no damage.
The warg is heavily wounded.
You feel yourself speed up. The warg bites you!
* * * LOW HITPOINT WARNING * * *
You puncture the warg!
The warg is severely wounded.
The warg bites you but does no damage.
You miss the warg.
The warg is severely wounded.
You feel much better. The warg closely misses you. The warg misses you.
You closely miss the warg.
The warg is severely wounded.
You closely miss the warg.
The warg is severely wounded.
The warg misses you.
You hit the warg.
The warg is severely wounded.
The warg bites you.
You closely miss the warg.
The warg is severely wounded.
The warg bites you!
* * * LOW HITPOINT WARNING * * *
You closely miss the warg.
The warg is severely wounded.
The warg closely misses you.
You barely miss the warg.
The warg is severely wounded.
You hit the warg.
The warg is almost dead.
The warg misses you.
You hit the warg but do no damage.
The warg is almost dead.
The warg bites you!
You die...

############
#_________.#
#_________.#
#_______...#######
##########'##.....
#.?..')))'.##.....
##########.##.....
#@..........'.....
#h#####'#####.....
#.#.)#..#..##.....
#.#..'..'..#####'#
#.##'####+###.....
#§#...)....##.....
#§#........##.....
#.#####'#####...<.
#h#...)))..##.....


You could see a warg.

Vanquished Creatures
  Pikel (D)
  A warg (D)
  A floating eye (D)
  A lemure (D)
  An iron imp (D)
  An ufetubus (D)
  An adder skeleton (D)
  An orc (D)
  2 ball python skeletons (D)
  A kobold (D)
  A quokka skeleton (D)
  A quokka zombie (D)
13 creatures vanquished.

Notes
Turn   | Place    | Note
-------+----------+-------------------------------------------
     0 | D        | sircluck the Kobold Brigand began the quest for the Orb.
     0 | D        | Reached XP level 1. HP: 12/12 MP: 1/1
    78 | D        | Found a bloodstained altar of Trog.
    78 | D        | Found a shimmering blue altar of Sif Muna.
    78 | D        | Found a viscous altar of Jiyva.
    78 | D        | Found a hazy altar of Hepliaklqana.
    78 | D        | Found an opulent altar of Gozag.
    79 | D        | Found a glowing golden altar of the Shining One.
    79 | D        | Found a glowing silver altar of Zin.
    79 | D        | Found a sacrificial altar of Ru.
    79 | D        | Found a stormy altar of Qazlal.
    79 | D        | Found a blossoming altar of Fedhas.
    81 | D        | Found a basalt altar of Yredelemnul.
    81 | D        | Found an iron altar of Okawaru.
    81 | D        | Found a white marble altar of Elyvilon.
    83 | D        | Found a sparkling altar of Nemelex Xobeh.
    83 | D        | Found a shimmering altar of Xom.
    83 | D        | Found a shadowy altar of Dithmenos.
    85 | D        | Found a snail-covered altar of Cheibriados.
    85 | D        | Found a burning altar of Makhleb.
    85 | D        | Found an ornate altar of the Wu Jian Council.
    86 | D        | Found a corrupted altar of Lugonu.
    86 | D        | Found a radiant altar of Vehumet.
    87 | D        | Found a broken altar of Ashenzari.
    87 | D        | Found an ancient bone altar of Kikubaaqudgha.
    87 | D        | Found a hide-covered altar of Uskayaw.
    89 | D        | Became a worshipper of Dithmenos the Shadowed
   104 | D        | Reached skill level 7 in Stealth
   104 | D        | Reached XP level 2. HP: 18/18 MP: 2/2
   104 | D        | Noticed a floating eye
   108 | D        | Killed a floating eye
   108 | D        | Reached * piety under Dithmenos
   109 | D        | Reached skill level 12 in Stealth
   109 | D        | Reached XP level 3. HP: 23/23 MP: 3/3
   109 | D        | Reached XP level 4. HP: 28/28 MP: 4/4
   109 | D        | Reached XP level 5. HP: 32/32 MP: 5/5
   117 | D        | Noticed a warg
   120 | D        | Killed a warg
   120 | D        | Reached ** piety under Dithmenos
   121 | D        | Reached skill level 5 in Short Blades
   121 | D        | Reached skill level 15 in Stealth
   121 | D        | Reached XP level 6. HP: 38/38 MP: 6/6
   177 | D        | Noticed Pikel
   209 | D        | Noticed a warg
   212 | D        | Killed Pikel
   212 | D        | Reached *** piety under Dithmenos
   213 | D        | Reached skill level 5 in Fighting
   213 | D        | Reached skill level 5 in Throwing
   213 | D        | Reached skill level 19 in Stealth
   213 | D        | Reached XP level 7. HP: 4/45 MP: 7/7
   243 | D        | Reached XP level 8. HP: 39/51 MP: 8/8
   274 | D        | Slain by a warg

Illustrated notes

Levels and vault maps discovered:
D:        pitsprint [storerooms_1, entrance_room_1, metal_vault_5, armoury_2,
          mini_pit_1, grid_room_1, main_hall_1, silver_pit, the_coven_3,
          the_vestibule_1, steel_vault_4, golden_pit, hallway_of_sentries,
          crystal_vault_3, iron_vault_4, final_vault]

Skill      XL: |  1  2  3  4  5  6  7 |
---------------+----------------------+-----
Short Blades   | 3 4 5 7 8 |  8.0
Stealth        | 7 12 15 19 | 19.2
Fighting       | 3 4 5 |  5.8
Throwing       | 3 4 5 |  5.1
Dodging        | 3 |  3.1

Action                     |  1- 3 |  4- 6 |  7- 9 || total
---------------------------+-------+-------+-------++-------
  Melee: Dagger            |     7 |    29 |    52 ||    88
         Punch             |       |     1 |       ||     1
    Use: Potion            |       |     1 |     3 ||     4
         Scroll            |       |     1 |       ||     1
   Stab: Sleeping          |     3 |     4 |       ||     7
 Armour: Robe              |       |     3 |     4 ||     7
  Dodge: Dodged            |     2 |    13 |    30 ||    45

Table legend: (Time is in decaauts)
 A = Elapsed time spent in this place.
 B = Non-inter-level travel time spent in this place.
 C = Inter-level travel time spent in this place.
 D = Time resting spent in this place.
 E = Time spent auto-exploring this place.
 F = Levels seen in this place.
 G = Mean time per level.
                   A        B        C        D        E       F      G
               +--------+--------+--------+--------+--------+-----+--------+
         Total |    256 |    256 |      0 |      3 |     42 |   1 |  256.0 |
       Dungeon |    256 |    256 |      0 |      3 |     42 |   1 |  256.0 |
               +--------+--------+--------+--------+--------+-----+--------+

Top non-repeatable levels by time:
       D: 256 daAuts
